PAAA
PORT ROYAL DISASTER @ SANTA BARBARA GOLDEN CRANES
05/30/2040
 
TOP OF THE 1ST
Port Royal Disaster batting - Pitching for Santa Barbara Golden Cranes : RHP Tao Seto
Pitching: RHP Tao Seto
Batting: LHB Alfonso López 0-0: Bunted foul
0-1: Ground out 4-3 (Groundball, 4, EV 80.0 MPH)
Batting: LHB Derek Kelly 0-0: Called Strike
0-1: Ball
1-1: Foul Ball, location: 2F
1-2: Ball
2-2: Foul Ball, location: 2F
2-2: Fly out, F4 (Line Drive, 4, EV 63.1 MPH)
Batting: RHB Michael Brannon 0-0: Called Strike
0-1: Called Strike
0-2: Ball
1-2: Ball
2-2: Ground out 4-3 (Groundball, 4, EV 80.6 MPH)
Top of the 1st over - 0 runs, 0 hits, 0 errors, 0 left on base; Port Royal 0 - Santa Barbara 0
BOTTOM OF THE 1ST
Santa Barbara Golden Cranes batting - Pitching for Port Royal Disaster : LHP Rodrigo Alarcon
Pitching: LHP Rodrigo Alarcon
Batting: RHB Jody Clark 0-0: Called Strike
0-1: Swinging Strike
0-2: Strikes out swinging
Batting: RHB James Pike 0-0: Ball
1-0: Foul Ball, location: 2F
1-1: Ball
2-1: Ground out 6-3 (Groundball, 6, EV 96.9 MPH)
Batting: LHB Lewis N. Clark 0-0: Swinging Strike
0-1: Called Strike
0-2: Ball
1-2: Ball
2-2: Strikes out swinging
Bottom of the 1st over - 0 runs, 0 hits, 0 errors, 0 left on base; Port Royal 0 - Santa Barbara 0
TOP OF THE 2ND
Port Royal Disaster batting - Pitching for Santa Barbara Golden Cranes : RHP Tao Seto
Batting: LHB Benno Luby 0-0: Ball
1-0: Ball
2-0: Foul Ball, location: 2F
2-1: Foul Ball, location: 2F
2-2: SINGLE (Line Drive, 3D, EV 98.1 MPH)
Batting: RHB Oki Hai 0-0: Foul Ball, location: 2F
0-1: Hit by Pitch
Benno Luby to second
Batting: LHB Gabriel Amezquita 0-0: Ball
1-0: Ball
2-0: Ball
3-0: Called Strike
3-1: Fly out, F8 (Flyball, 8LS, EV 89.4 MPH)
Batting: RHB Steve Bock 0-0: Grounds into double play, 6-4-3 (Groundball, 6, EV 80.6 MPH)
Top of the 2nd over - 0 runs, 1 hit, 0 errors, 1 left on base; Port Royal 0 - Santa Barbara 0
BOTTOM OF THE 2ND
Santa Barbara Golden Cranes batting - Pitching for Port Royal Disaster : LHP Rodrigo Alarcon
Batting: LHB Braxton Cottongame 0-0: Ball
1-0: Swinging Strike
1-1: Swinging Strike
1-2: Strikes out looking
Batting: RHB Samual Kingman 0-0: Called Strike
0-1: Fly out, F6 (Line Drive, 6, EV 68.8 MPH)
Batting: LHB Dirk Horwedel 0-0: Called Strike
0-1: Ball
1-1: Ball
2-1: Foul Ball, location: 2F
2-2: SINGLE (Groundball, 4MD, EV 96.9 MPH)
Batting: RHB Ed St. James 0-0: Called Strike
0-1: Ball
1-1: Ball
2-1: Ground out 4-3 (Groundball, 34, EV 98.1 MPH)
Bottom of the 2nd over - 0 runs, 1 hit, 0 errors, 1 left on base; Port Royal 0 - Santa Barbara 0
TOP OF THE 3RD
Port Royal Disaster batting - Pitching for Santa Barbara Golden Cranes : RHP Tao Seto
Batting: RHB Mark Merry 0-0: Ball
1-0: Ball
2-0: Foul Ball, location: 2F
2-1: Ball
3-1: Called Strike
3-2: Fly out, F8 (Line Drive, 8LD, EV 88.1 MPH)
Batting: RHB Sean Roberts 0-0: Foul Ball, location: 2F
0-1: Called Strike
0-2: Fly out, F4 (Popup, 4, EV 75.6 MPH)
Batting: LHB Alfonso López 0-0: Ball
1-0: Ball
2-0: Called Strike
2-1: Fly out, F9 (Flyball, 9LS, EV 90.0 MPH)
Top of the 3rd over - 0 runs, 0 hits, 0 errors, 0 left on base; Port Royal 0 - Santa Barbara 0
BOTTOM OF THE 3RD
Santa Barbara Golden Cranes batting - Pitching for Port Royal Disaster : LHP Rodrigo Alarcon
Batting: RHB Ronald Comejo 0-0: Ball
1-0: Ball
2-0: Ball
3-0: Called Strike
3-1: Base on Balls
Batting: RHB Juan Ibarra 0-0: Fly out, F9 (Flyball, 9S, EV 86.9 MPH)
Batting: RHB Jody Clark 0-0: Fly out, F9 (Line Drive, 9S, EV 95.0 MPH)
Batting: RHB James Pike 0-0: Foul Ball, location: 2F
0-1: Swinging Strike
0-2: Ground out 4-3 (Groundball, 4, EV 78.1 MPH)
Bottom of the 3rd over - 0 runs, 0 hits, 0 errors, 1 left on base; Port Royal 0 - Santa Barbara 0
TOP OF THE 4TH
Port Royal Disaster batting - Pitching for Santa Barbara Golden Cranes : RHP Tao Seto
Batting: LHB Derek Kelly 0-0: Ball
1-0: Swinging Strike
1-1: Ball
2-1: Swinging Strike
2-2: Strikes out looking
Batting: RHB Michael Brannon 0-0: Called Strike
0-1: Ball
1-1: Ball
2-1: SINGLE (Flyball, 89M, EV 85.0 MPH)
Batting: LHB Benno Luby 0-0: Ball
1-0: Called Strike
1-1: Foul Ball, location: 2F
1-2: Ball
2-2: Strikes out looking
Batting: RHB Oki Hai 0-0: Ball
1-0: Ball
2-0: SINGLE (Groundball, 34, EV 89.4 MPH) (infield hit)
Michael Brannon to second
Batting: LHB Gabriel Amezquita 0-0: Ball
1-0: Called Strike
1-1: Fly out, F3 (Line Drive, 3, EV 72.5 MPH)
Top of the 4th over - 0 runs, 2 hits, 0 errors, 2 left on base; Port Royal 0 - Santa Barbara 0
BOTTOM OF THE 4TH
Santa Barbara Golden Cranes batting - Pitching for Port Royal Disaster : LHP Rodrigo Alarcon
Batting: LHB Lewis N. Clark 0-0: Called Strike
0-1: Ball
1-1: Ball
2-1: Ball
3-1: Base on Balls
Batting: LHB Braxton Cottongame 0-0: Foul Ball, location: 2F
0-1: Called Strike
0-2: Foul Ball, location: 2F
0-2: Ball
1-2: Ball
2-2: Foul Ball, location: 2F
2-2: Foul Ball, location: 2F
2-2: Grounds into double play, 5-4-3 (Groundball, 56, EV 95.6 MPH)
Batting: RHB Samual Kingman 0-0: Ball
1-0: Swinging Strike
1-1: Called Strike
1-2: Foul Ball, location: 2F
1-2: Foul Ball, location: 2F
1-2: Ball
2-2: Ball
3-2: Foul Ball, location: 2F
3-2: Base on Balls
Batting: LHB Dirk Horwedel 0-0: Ball
1-0: Called Strike
1-1: Ball
2-1: Fly out, F9 (Flyball, 9S, EV 90.6 MPH)
Bottom of the 4th over - 0 runs, 0 hits, 0 errors, 1 left on base; Port Royal 0 - Santa Barbara 0
TOP OF THE 5TH
Port Royal Disaster batting - Pitching for Santa Barbara Golden Cranes : RHP Tao Seto
Batting: RHB Steve Bock 0-0: Called Strike
0-1: Ground out U3 (Groundball, 34, EV 100.6 MPH)
Batting: RHB Mark Merry 0-0: Foul Ball, location: 2F
0-1: Ball
1-1: Foul Ball, location: 2F
1-2: Ball
2-2: Foul Ball, location: 2F
2-2: Strikes out swinging
Batting: RHB Sean Roberts 0-0: Swinging Strike
0-1: Foul Ball, location: 2F
0-2: Strikes out swinging
Top of the 5th over - 0 runs, 0 hits, 0 errors, 0 left on base; Port Royal 0 - Santa Barbara 0
BOTTOM OF THE 5TH
Santa Barbara Golden Cranes batting - Pitching for Port Royal Disaster : LHP Rodrigo Alarcon
Batting: RHB Ed St. James 0-0: Ball
1-0: Foul Ball, location: 2F
1-1: Fly out, F8 (Line Drive, 8RD, EV 100.6 MPH)
Batting: RHB Ronald Comejo 0-0: Swinging Strike
0-1: Swinging Strike
0-2: Fly out, F9 (Flyball, 9LM, EV 104.4 MPH)
Batting: RHB Juan Ibarra 0-0: Called Strike
0-1: Ground out 5-3 (Groundball, 56S, EV 77.5 MPH)
Bottom of the 5th over - 0 runs, 0 hits, 0 errors, 0 left on base; Port Royal 0 - Santa Barbara 0
TOP OF THE 6TH
Port Royal Disaster batting - Pitching for Santa Barbara Golden Cranes : RHP Tao Seto
Batting: LHB Alfonso López 0-0: Foul Ball, location: 2F
0-1: Ball
1-1: Foul Ball, location: 2F
1-2: Ground out 4-3 (Groundball, 4, EV 86.9 MPH)
Batting: LHB Derek Kelly 0-0: Ball
1-0: Swinging Strike
1-1: Foul Ball, location: 2F
1-2: Strikes out swinging
Batting: RHB Michael Brannon 0-0: Swinging Strike
0-1: Ball
1-1: Called Strike
1-2: Ground out 6-3 (Groundball, 6, EV 106.9 MPH)
Top of the 6th over - 0 runs, 0 hits, 0 errors, 0 left on base; Port Royal 0 - Santa Barbara 0
BOTTOM OF THE 6TH
Santa Barbara Golden Cranes batting - Pitching for Port Royal Disaster : LHP Rodrigo Alarcon
Batting: RHB Jody Clark 0-0: Called Strike
0-1: Fly out, F5 (Popup, 25, EV 90.6 MPH)
Batting: RHB James Pike 0-0: Foul Ball, location: 2F
0-1: Ground out 5-3 (Groundball, 56S, EV 90.0 MPH)
Batting: LHB Lewis N. Clark 0-0: Swinging Strike
0-1: Ground out 4-3 (Groundball, 4, EV 85.6 MPH)
Bottom of the 6th over - 0 runs, 0 hits, 0 errors, 0 left on base; Port Royal 0 - Santa Barbara 0
TOP OF THE 7TH
Port Royal Disaster batting - Pitching for Santa Barbara Golden Cranes : RHP Tao Seto
Batting: LHB Benno Luby 0-0: Called Strike
0-1: Ball
1-1: Ball
2-1: Ball
3-1: Swinging Strike
3-2: Foul Ball, location: 2F
3-2: SINGLE (Line Drive, 34D, EV 101.9 MPH)
Batting: RHB Oki Hai 0-0: Ball
1-0: Foul Ball, location: 2F
1-1: Called Strike
1-2: Ball
2-2: Strikes out looking
Batting: LHB Gabriel Amezquita 0-0: Foul Ball, location: 2F
0-1: SINGLE (Groundball, 6MD, EV 98.8 MPH)
Benno Luby to second
Batting: RHB Steve Bock 0-0: Foul Ball, location: 2F
0-1: Called Strike
0-2: SINGLE (Line Drive, 8RS, EV 95.6 MPH)
Benno Luby to third
Gabriel Amezquita to second
Runner from 3rd tries for Home, SAFE, no throw by CF
Pitching: LHP Román Ornelas
Batting: RHB Mark Merry 0-0: Ball
1-0: Ball
2-0: Ball
3-0: Called Strike
3-1: Swinging Strike
3-2: Fly out, F7 (Flyball, 7S, EV 91.2 MPH)
Batting: RHB Sean Roberts 0-0: Ball
1-0: Ball
2-0: Swinging Strike
2-1: Called Strike
2-2: Foul Ball, location: 2F
2-2: SINGLE (Line Drive, 78S, EV 106.2 MPH)
Gabriel Amezquita to third
Steve Bock to second
Runner from 3rd tries for Home, SAFE, throw by LF to home
Batting: LHB Alfonso López 0-0: Ball
1-0: Fly out, F7 (Flyball, 7LD, EV 90.6 MPH)
Top of the 7th over - 2 runs, 4 hits, 0 errors, 2 left on base; Port Royal 2 - Santa Barbara 0
BOTTOM OF THE 7TH
Santa Barbara Golden Cranes batting - Pitching for Port Royal Disaster : LHP Rodrigo Alarcon
Batting: LHB Braxton Cottongame 0-0: Ball
1-0: Swinging Strike
1-1: Ball
2-1: Swinging Strike
2-2: Foul Ball, location: 2F
2-2: Strikes out swinging
Batting: RHB Samual Kingman 0-0: Ball
1-0: Called Strike
1-1: Called Strike
1-2: Ball
2-2: Strikes out swinging
Batting: LHB Dirk Horwedel 0-0: Ball
1-0: Ball
2-0: Ball
3-0: Called Strike
3-1: Swinging Strike
3-2: Strikes out swinging
Bottom of the 7th over - 0 runs, 0 hits, 0 errors, 0 left on base; Port Royal 2 - Santa Barbara 0
TOP OF THE 8TH
Port Royal Disaster batting - Pitching for Santa Barbara Golden Cranes : LHP Román Ornelas
Batting: LHB Derek Kelly 0-0: Ball
1-0: Ball
2-0: Called Strike
2-1: Ball
3-1: Called Strike
3-2: Base on Balls
Pitching: RHP Juan Ayala
Batting: RHB Michael Brannon 0-0: Foul Ball, location: 2F
0-1: Hit by Pitch
Derek Kelly to second
Batting: LHB Benno Luby 0-0: Fly out, F7 (Flyball, 7S, EV 90.0 MPH)
Batting: RHB Oki Hai 0-0: Ball
1-0: Ball
2-0: Called Strike
2-1: Fly out, F7 (Line Drive, 7, EV 93.8 MPH)
Batting: LHB Gabriel Amezquita 0-0: Fly out, F8 (Flyball, 8LM, EV 86.2 MPH)
Top of the 8th over - 0 runs, 0 hits, 0 errors, 2 left on base; Port Royal 2 - Santa Barbara 0
BOTTOM OF THE 8TH
Santa Barbara Golden Cranes batting - Pitching for Port Royal Disaster : LHP Rodrigo Alarcon
Batting: RHB Ed St. James 0-0: Ball
1-0: Ball
2-0: Ball
3-0: Called Strike
3-1: Foul Ball, location: 2F
3-2: Strikes out swinging
Pitching: RHP Felipe Deleón
Batting: RHB Ronald Comejo 0-0: Swinging Strike
0-1: Ball
1-1: Ball
2-1: Ball
3-1: Swinging Strike
3-2: Fly out, F8 (Flyball, 78D, EV 105.0 MPH)
Batting: RHB Juan Ibarra 0-0: Ball
1-0: Called Strike
1-1: Foul Ball, location: 2F
1-2: Ball
2-2: Ball
3-2: Strikes out looking
Bottom of the 8th over - 0 runs, 0 hits, 0 errors, 0 left on base; Port Royal 2 - Santa Barbara 0
TOP OF THE 9TH
Port Royal Disaster batting - Pitching for Santa Barbara Golden Cranes : RHP Juan Ayala
Batting: RHB Steve Bock 0-0: Ball
1-0: Ball
2-0: Called Strike
2-1: Swinging Strike
2-2: Fly out, F5 (Line Drive, 6, EV 71.2 MPH)
Batting: RHB Mark Merry 0-0: Called Strike
0-1: SINGLE (Groundball, 34D, EV 100.0 MPH)
Batting: RHB Sean Roberts 0-0: Called Strike
0-1: Ball
Wild Pitch!
Mark Merry to second
1-1: Ground out 4-3 (Groundball, 4, EV 100.6 MPH)
Mark Merry to third
Batting: LHB Alfonso López 0-0: Intentional Walk
Batting: LHB Derek Kelly 0-0: Foul Ball, location: 2F
0-1: Ball
1-1: Ball
2-1: Ball
3-1: SINGLE (Line Drive, 3D, EV 103.8 MPH)
Mark Merry scores
Alfonso López to second
Runner from 2nd tries for 3rd, SAFE, throw by RF made to third
Batting: RHB Michael Brannon 0-0: Ball
1-0: Ball
2-0: Ball
3-0: Called Strike
3-1: Called Strike
3-2: Foul Ball, location: 2F
3-2: SINGLE (Line Drive, 4MD, EV 99.4 MPH)
Alfonso López scores
Derek Kelly to second
Derek Kelly to third
Batting: LHB Benno Luby 0-0: Ball
1-0: Called Strike
1-1: Ball
2-1: Swinging Strike
2-2: Foul Ball, location: 2F
2-2: Fly out, F8 (Flyball, 8LD, EV 98.8 MPH)
Top of the 9th over - 2 runs, 3 hits, 0 errors, 2 left on base; Port Royal 4 - Santa Barbara 0
BOTTOM OF THE 9TH
Santa Barbara Golden Cranes batting - Pitching for Port Royal Disaster : RHP Felipe Deleón
Batting: RHB Jody Clark 0-0: Ball
1-0: Ball
2-0: Ground out 4-3 (Groundball, 34, EV 83.8 MPH)
Batting: RHB James Pike 0-0: Ball
1-0: Called Strike
1-1: Ball
2-1: Called Strike
2-2: Ball
3-2: Strikes out swinging
Batting: LHB Lewis N. Clark 0-0: Foul Ball, location: 2F
0-1: Ball
1-1: Ball
2-1: Ball
3-1: SOLO HOME RUN (Flyball, 89XD, EV 108.8 MPH), Distance : 400 ft
Batting: LHB Braxton Cottongame 0-0: Ball
1-0: Ball
2-0: Foul Ball, location: 2F
2-1: Foul Ball, location: 2F
2-2: Strikes out swinging
Bottom of the 9th over - 1 run, 1 hit, 0 errors, 0 left on base; Port Royal 4 - Santa Barbara 1
Friday, October 2nd, 2020 - OOTP Baseball 20.8 Build 74